 Dungeon Crawl Stone Soup version 0.14-a0-2124-ga163777 (webtiles) character file.

986 Mitsuki the Covert (level 7, -2/33 HPs)
             Began as a Spriggan Assassin on Jan 27, 2014.
             Was a Follower of Dithmengos.
             Killed from afar by Blork the orc (7 damage)
             ... with a magic dart
             ... on Level 4 of the Dungeon.
             The game lasted 00:18:49 (6482 turns).

Mitsuki the Covert (Spriggan Assassin)              Turns: 6482, Time: 00:18:50

HP  -2/33        AC  5     Str  8      XL: 7   Next: 49%
MP  14/14        EV 17     Int 12      God: Dithmengos [*.....]
Gold 233         SH  0     Dex 19      Spells:  0 memorised,  6 levels left

rFire  . . .     SeeInvis +     a - +2 dagger
rCold  . . .     Clarity  .     g - +2 robe
rNeg   . . .     Conserve .     (shield restricted)
rPois  .         rCorr    .     (helmet restricted)
rElec  .         rRot     .     d - +0 cloak
SustAb . .       Spirit   .     (gloves unavailable)
rMut   .         Warding  .     (boots unavailable)
Saprov . . .     Stasis   .     (no amulet)
MR     +....                    (no ring)
                                (no ring)

@: wreathed by umbra, very quick, somewhat resistant to hostile enchantments,
uncannily stealthy
A: unfitting armour, see invisible, herbivore 3, speed 3, slow metabolism 2
a: Renounce Religion


You were on level 4 of the Dungeon.
You worshipped Dithmengos.
Dithmengos was aware of your devotion.
You were not hungry.

You visited 2 branches of the dungeon, and saw 7 of its levels.

You collected 233 gold pieces.

Inventory:

Hand weapons
 a - a +2,+2 dagger (weapon)
 b - a +0 blowgun
Missiles
 e - 29 poisoned needles
 f - 2 curare-tipped needles
Armour
 d - a +0 cloak (worn)
 g - a +2 robe (worn)
Magical devices
 B - a wand of fire (5) {unknown}
Comestibles
 x - 3 chokos
 A - 5 bread rations
Scrolls
 c - a scroll of enchant weapon I {unknown}
 h - 2 scrolls of teleportation {unknown}
 i - a scroll of enchant armour {unknown}
 j - a scroll of blinking {unknown}
 k - a scroll of curse armour {unknown}
 l - a scroll of amnesia {unknown}
 m - a scroll of enchant weapon II {unknown}
 n - 5 scrolls of identify {unknown}
 o - a scroll of random uselessness {unknown}
 p - a scroll of fog {unknown}
 q - a scroll of immolation {unknown}
 r - 3 scrolls of remove curse {unknown}
 y - 3 scrolls of magic mapping {unknown}
 C - a scroll of curse weapon {unknown}
Jewellery
 s - an uncursed ring of poison resistance {unknown}
 u - an uncursed amulet of the gourmand {unknown}
 v - a +5,+3 ring of slaying {unknown}
 w - an uncursed amulet of resist corrosion {unknown}
Potions
 t - 2 potions of might {unknown}
 z - a potion of curing


   Skills:
 - Level 1.5 Fighting
 - Level 2.1 Short Blades
 - Level 2.1 Throwing
 - Level 1.5 Dodging
 + Level 13.6 Stealth


You had 6 spell levels left.
You didn't know any spells.

Dungeon Overview and Level Annotations

Branches:
Dungeon (6/16)             Temple (1/1) D:6

Altars:
Ashenzari
Dithmengos
Elyvilon
Nemelex Xobeh
Sif Muna
Vehumet
Zin
The Shining One

Annotations:
D:4 Blork the orc
D:5 Dowan
D:6 Pikel


Innate Abilities, Weirdness & Mutations

You are tiny and cannot use many weapons and most armour.
You have supernaturally acute eyesight.
You are a herbivore.
You cover ground extremely quickly.
You need consume almost no food.


Message History

You hit Blork the orc but do no damage.
Blork the orc is moderately wounded.
Blork the orc hits you with an orcish hand axe.
You closely miss Blork the orc.
Blork the orc is moderately wounded.
Blork the orc closely misses you.
You hit Blork the orc.
Blork the orc is moderately wounded.
Blork the orc hits you with an orcish hand axe!
You hit Blork the orc.
Blork the orc is heavily wounded.
Blork the orc closely misses you.
You climb upwards.
There is a stone staircase leading down here.
Blork the orc points at you and mumbles some strange words.
The magic dart hits you!
* * * LOW HITPOINT WARNING * * *
Blork the orc gestures at you while chanting.
The magic dart hits you!
You die...

###### #############
.....############......S....#
####..................#.#####
......###########.###.#.#
.)................#...#.#
..................#.###.#
#...............@.#.#.#S#
###...#.#.#.....#.#.#.#.#
##......#.#...#.#.#.#...#
....#.###.#..>....).#.###
##...[..#.#....o#.#.#.#
#.##.#.#.#.....#.#.#.#
##.#).#.#.#.......#.#S#
.#......#<##..#...#.#.#
.....P....#.........#.#


You could see Blork the orc.

Vanquished Creatures
  Edmund (D:4)
  A centaur (D:6)
  The ghost of Mitsuki the Covert, an average SpAs of Dithmengos (D:4)
  Duvessa (D:5)
  A gnoll shaman (D:4)
  A scorpion (D:4)
  3 crimson imps (D:5)
  Jessica (D:3)
  12 gnolls
  An adder (D:4)
  2 giant mites
  2 worms
  4 orcs (D:3)
  3 bats
  A bat skeleton (D:4)
  A giant cockroach (D:1)
  9 hobgoblins
  8 jackals
  3 giant geckos
  A giant gecko skeleton (D:4)
  5 giant newts
  10 goblins
  2 goblin skeletons
  A hobgoblin skeleton (D:5)
  13 kobolds
  3 quokkas
  A quokka skeleton (D:4)
  5 rats
97 creatures vanquished.

Notes
Turn   | Place    | Note
--------------------------------------------------------------
     0 | D:1      | Mitsuki, the Spriggan Assassin, began the quest for the Orb.
     0 | D:1      | Reached XP level 1. HP: 10/10 MP: 2/2
    36 | D:1      | Reached skill level 6 in Stealth
   429 | D:2      | Reached XP level 2. HP: 14/14 MP: 4/4
   461 | D:2      | Found a white marble altar of Elyvilon.
   590 | D:3      | Reached skill level 7 in Stealth
   728 | D:4      | Found a glowing golden altar of the Shining One.
   770 | D:4      | Reached XP level 3. HP: 18/18 MP: 6/6
   931 | D:4      | Noticed Mitsuki's ghost (average SpAs)
  1286 | D:5      | Entered Level 5 of the Dungeon
  1340 | D:5      | Reached skill level 8 in Stealth
  1568 | D:5      | Reached XP level 4. HP: 20/22 MP: 8/8
  1672 | D:5      | Noticed Duvessa
  1672 | D:5      | Noticed Dowan
  1677 | D:5      | Killed Duvessa
  1677 | D:5      | Reached skill level 9 in Stealth
  1677 | D:5      | Reached XP level 5. HP: 3/25 MP: 10/10
  1688 | D:5      | HP: 1/25 [crimson imp (2)]
  1724 | D:5      | Noticed Blork the orc
  1756 | D:5      | HP: 1/25 [hound (4)]
  2102 | D:5      | Reached skill level 10 in Stealth
  2272 | D:6      | Noticed a slave
  2273 | D:6      | Noticed a slave
  2274 | D:6      | Noticed Pikel
  2274 | D:6      | Noticed a slave
  2274 | D:6      | Noticed a slave
  2288 | D:6      | Found a staircase to the Ecumenical Temple.
  2292 | D:6      | Noticed a centaur
  2299 | Temple   | Entered the Ecumenical Temple
  2303 | Temple   | Became a worshipper of Dithmengos
  2311 | D:6      | Killed a centaur
  2311 | D:6      | Reached skill level 11 in Stealth
  2311 | D:6      | Reached XP level 6. HP: 30/30 MP: 12/12
  3544 | D:3      | Noticed Jessica
  3553 | D:3      | Found a deep blue altar of Sif Muna.
  3579 | D:3      | Killed Jessica
  3616 | D:3      | Noticed an angel
  3617 | D:3      | Found a glowing silver altar of Zin.
  4962 | D:4      | Reached skill level 12 in Stealth
  5200 | D:4      | Noticed Edmund
  5207 | D:4      | Killed Edmund
  5207 | D:4      | Reached XP level 7. HP: 33/33 MP: 14/14
  5463 | D:4      | Reached skill level 13 in Stealth
  6262 | D:4      | Killed Mitsuki's ghost
  6482 | D:4      | Killed from afar by Blork the orc

Action                   |  1- 3 |  4- 6 |  7- 9 || total
-------------------------+-------+-------+-------++-------
Melee: Dagger            |    76 |   288 |    77 ||   441
 Fire: Blowgun           |       |    11 |       ||    11
  Use: Potion            |       |     8 |     1 ||     9
 Stab: Sleeping          |     9 |    28 |     2 ||    39
       Distracted        |     1 |     3 |     2 ||     6
